 Dungeon Crawl Stone Soup version 0.21.1 (webtiles) character file.

182 teukkam the Magician (level 5, -1/43 HPs)
             Began as a Gnoll Wanderer on Feb 2, 2018.
             Killed from afar by an orc wizard (8 damage)
             ... with a magic dart
             ... on level 4 of the Dungeon.
             The game lasted 00:14:43 (3642 turns).

teukkam the Magician (Gnoll Wanderer)               Turns: 3642, Time: 00:14:44

Health: -1/43      AC:  4    Str: 16    XL:     5   Next: 62%
Magic:  12/12      EV: 11    Int: 23    God:
Gold:   212        SH:  0    Dex: 12    Spells: 13/14 levels left

rFire    . . .     SeeInvis .   a - +0 mace
rCold    . . .     Gourm    .   (no shield)
rNeg     . . .     Faith    .   g - +0 leather armour (curse)
rPois    .         Spirit   .   q - +0 helmet
rElec    .         Reflect  .   (no cloak)
rCorr    .         Harm     +   (no gloves)
MR       .....                  (no boots)
Stlth    ++........             h - amulet of harm
HPRegen  0.14/turn              o - +5 ring of intelligence
MPRegen  0.13/turn              s - +2 ring of strength

@: no status effects
A: distributed training, fangs 1, strong nose
a: no special abilities


You were on level 4 of the Dungeon.
You were not hungry.

You visited 1 branch of the dungeon, and saw 5 of its levels.

You collected 212 gold pieces.

Inventory:

Hand Weapons
 a - a +0 mace (weapon)
Missiles
 d - 13 poisoned needles
 m - a javelin (quivered)
Armour
 g - a cursed +0 leather armour (worn)
 q - a +0 helmet (worn)
Jewellery
 h - an amulet of harm (around neck)
 o - a +5 ring of intelligence (left hand)
 r - an uncursed ring of positive energy
 s - a +2 ring of strength (right hand)
Wands
 p - a wand of enslavement (14)
Scrolls
 e - 7 scrolls of identify {unknown}
 l - 3 scrolls of teleportation {unknown}
 u - a scroll of remove curse {unknown}
Potions
 b - 2 potions of haste {unknown}
 i - a potion of agility
 j - a potion of lignification {unknown}
 k - a potion of invisibility {unknown}
 n - a potion of cancellation {unknown}
 t - a potion of degeneration {unknown}
Books
 c - the Incunabulum of the Arsonist

   Spells                             Type                      Level
   a - Flame Tongue                   Conjuration/Fire             1
   b - Ignite Poison                  Fire/Transmutation/Poison    3
Comestibles
 f - 5 rations


   Skills:
 + Level 4.8 Fighting
 + Level 1.5 Short Blades
 + Level 1.5 Long Blades
 + Level 3.0 Axes
 + Level 1.5 Maces & Flails
 + Level 1.5 Polearms
 + Level 1.5 Staves
 + Level 1.5 Slings
 + Level 1.5 Bows
 + Level 1.5 Crossbows
 + Level 1.5 Throwing
 + Level 4.8 Armour
 + Level 1.5 Dodging
 + Level 2.8 Stealth
 + Level 1.5 Shields
 + Level 1.5 Unarmed Combat
 + Level 5.2 Spellcasting
 + Level 1.2 Conjurations
 + Level 1.2 Hexes
 + Level 1.2 Charms
 + Level 1.2 Summonings
 + Level 1.2 Necromancy
 + Level 1.2 Translocations
 + Level 1.2 Transmutations
 + Level 1.2 Fire Magic
 + Level 1.2 Ice Magic
 + Level 1.2 Air Magic
 + Level 1.2 Earth Magic
 + Level 2.4 Poison Magic
 + Level 1.7 Invocations
 + Level 3.0 Evocations


You had 13 spell levels left.
You knew the following spells:

 Your Spells              Type           Power        Failure   Level  Hunger
a - Flame Tongue          Conj/Fire      ##...        7%          1    None


Dungeon Overview and Level Annotations

Branches:
Dungeon (5/15)
 Temple: D:4-7

Altars:
Cheibriados
Dithmenos
Elyvilon
Fedhas
Trog
Uskayaw
The Shining One

Annotations:
D:2 Natasha


Innate Abilities, Weirdness & Mutations

Your experience applies equally to all skills.
You have very sharp teeth.
Your uncanny sense of smell can sniff out nearby items.


Message History

Beogh smites you! The orc wizard casts a spell at you. The magic dart hits you!
* * * LOW HITPOINT WARNING * * *
The orc wizard casts a spell.
The orc wizard blinks!
The orc wizard hits you but does no damage.
The orc wizard casts a spell at you. You resist with some effort.
There is a stone staircase leading up here.
The orc priest calls down the wrath of Beogh upon you.
You barely resist.
You climb upwards.
The worm barely misses you.
There is a stone staircase leading down here.
Your magical contamination has completely faded away.
An orc wizard comes into view. It is wielding a dagger.
The orc wizard shouts!
The orc wizard gestures at you while chanting.
The magic dart hits you!
You die...

.....##
##........###....# #.
.#....##
###>#####.......# #.
#####..# ### #####...#
#. ##.# ##..# #. ##.#
##..# #. # #..# ######
###...# #. ## #..#
##....#######....## ##.
.#
#..###...............##
#.. .#
#..#...o....@.......##
#.. .#
#..........##.......#
#.. .#
#........########...##
### .####........#
###..# ..##..).....##
##.## #....<......#
##.### #..........##
##w.###
#..#####....#########
##...### ^.##
##...........# ##....#


You could see an orc wizard.

Vanquished Creatures
  A bullfrog skeleton (D:4)
  An iguana (D:4)
  4 adders
  An adder skeleton (D:4)
  A worm (D:3)
  2 dart slugs
  2 leopard geckos
  5 orcs
  4 giant cockroaches
  6 goblins
  3 hobgoblins
  7 jackals
  A quokka (D:4)
  8 bats
  8 frilled lizards
  3 kobolds
  6 rats
63 creatures vanquished.

Vanquished Creatures (collateral kills)
  An orc priest (D:5)
1 creature vanquished.

Vanquished Creatures (others)
  An orc priest (D:5)
1 creature vanquished.

Grand Total: 65 creatures vanquished

Notes
Turn   | Place    | Note
-------+----------+-------------------------------------------
     0 | D:1      | teukkam the Gnoll Wanderer began the quest for the Orb.
     0 | D:1      | teukkam set off with: a wand of enslavement (15), a +0 ring mail, the Incunabulum of the Arsonist, a +0 club, a ration
     0 | D:1      | Reached XP level 1. HP: 20/20 MP: 6/6
     0 | D:1      | Identified the Incunabulum of the Arsonist
     2 | D:1      | Learned a level 1 spell: Flame Tongue
   194 | D:1      | Reached XP level 2. HP: 21/26 MP: 4/7
   544 | D:1      | Reached XP level 3. HP: 28/31 MP: 3/9
   568 | D:1      | Reached skill level 5 in Spellcasting
  1144 | D:2      | Reached skill level 1 in Invocations
  1146 | D:2      | Found a snail-covered altar of Cheibriados.
  1222 | D:2      | Reached skill level 1 in Short Blades
  1222 | D:2      | Reached skill level 1 in Long Blades
  1222 | D:2      | Reached skill level 1 in Maces & Flails
  1222 | D:2      | Reached skill level 1 in Polearms
  1222 | D:2      | Reached skill level 1 in Staves
  1222 | D:2      | Reached skill level 1 in Slings
  1222 | D:2      | Reached skill level 1 in Bows
  1222 | D:2      | Reached skill level 1 in Crossbows
  1222 | D:2      | Reached skill level 1 in Throwing
  1222 | D:2      | Reached skill level 1 in Dodging
  1222 | D:2      | Reached skill level 1 in Shields
  1222 | D:2      | Reached skill level 1 in Unarmed Combat
  1222 | D:2      | Reached XP level 4. HP: 19/38 MP: 4/11
  1277 | D:2      | Noticed Natasha
  1931 | D:3      | Reached skill level 1 in Conjurations
  1931 | D:3      | Reached skill level 1 in Hexes
  1931 | D:3      | Reached skill level 1 in Charms
  1931 | D:3      | Reached skill level 1 in Summonings
  1931 | D:3      | Reached skill level 1 in Necromancy
  1931 | D:3      | Reached skill level 1 in Translocations
  1931 | D:3      | Reached skill level 1 in Transmutations
  1931 | D:3      | Reached skill level 1 in Fire Magic
  1931 | D:3      | Reached skill level 1 in Ice Magic
  1931 | D:3      | Reached skill level 1 in Air Magic
  1931 | D:3      | Reached skill level 1 in Earth Magic
  2162 | D:2      | Found a bloodstained altar of Trog.
  2400 | D:5      | Entered Level 5 of the Dungeon
  2482 | D:4      | Found a shadowy altar of Dithmenos.
  2732 | D:4      | Found a white marble altar of Elyvilon.
  2738 | D:4      | Reached XP level 5. HP: 27/43 MP: 8/12
  2895 | D:4      | Found a hide-covered altar of Uskayaw.
  2988 | D:4      | HP: 2/43 [iguana (1)]
  3395 | D:4      | Found a glowing golden altar of the Shining One.
  3554 | D:5      | Found a blossoming altar of Fedhas.
  3642 | D:4      | Killed from afar by an orc wizard

Skill      XL: |  1  2  3  4  5 |
---------------+----------------+-----
Poison Magic   | 2 |  2.4
Spellcasting   | 5 |  5.2
Invocations    | 1 |  1.7
Short Blades   | 1 |  1.5
Long Blades    | 1 |  1.5
Maces & Flails | 1 |  1.5
Polearms       | 1 |  1.5
Staves         | 1 |  1.5
Slings         | 1 |  1.5
Bows           | 1 |  1.5
Crossbows      | 1 |  1.5
Throwing       | 1 |  1.5
Dodging        | 1 |  1.5
Shields        | 1 |  1.5
Unarmed Combat | 1 |  1.5
Conjurations   | 1 |  1.2
Hexes          | 1 |  1.2
Charms         | 1 |  1.2
Summonings     | 1 |  1.2
Necromancy     | 1 |  1.2
Translocations | 1 |  1.2
Transmutations | 1 |  1.2
Fire Magic     | 1 |  1.2
Ice Magic      | 1 |  1.2
Air Magic      | 1 |  1.2
Earth Magic    | 1 |  1.2
Axes           | 3 |  3.0
Evocations     | 3 |  3.0
Fighting       | |  4.8
Armour         | |  4.8
Stealth        | |  2.8

Action                   |  1- 3 |  4- 6 || total
-------------------------+-------+-------++-------
Melee: Club              |    81 |    21 ||   102
       Bite              |     8 |     9 ||    17
       Mace              |       |    27 ||    27
Throw: Javelin           |       |     1 ||     1
 Cast: Flame Tongue      |    39 |    36 ||    75
Evoke: Wand              |       |     1 ||     1
  Use: Potion            |     2 |     1 ||     3
 Stab: Sleeping          |       |     1 ||     1
  Eat: Chunk             |     1 |     6 ||     7
       Ration            |       |     1 ||     1
Armor: Ring mail         |    50 |       ||    50
       Leather armour    |     5 |    14 ||    19
Dodge: Dodged            |    81 |    42 ||   123
